 Dungeon Crawl Stone Soup version 0.31.0-11-ge490571c62 (webtiles) character file.

Game seed: 170194737052881031

1211 Kraboum the Trooper (level 8, -2/74 HPs)
             Began as a Minotaur Fighter on Feb 6, 2024.
             Slain by an orc warrior
             ... wielding a +0 mace
              (7 damage)
             ... on level 5 of the Dungeon.
             The game lasted 00:18:21 (4905 turns).

Kraboum the Trooper (Minotaur Fighter)              Turns: 4905, Time: 00:18:21

Health: -2/74      AC: 13    Str: 24    XL:     8   Next: 22%
Magic:  7/7        EV:  9    Int:  5    God:
Gold:   81         SH:  4    Dex:  9    Spells: 7/7 levels left

rFire   . . .        a - +0 war axe
rCold   . . .        c - +0 buckler
rNeg    . . .        b - +0 scale mail
rPois   .            u - +1 hat
rElec   .            y - +0 cloak
rCorr   .            q - +0 pair of gloves
SInv    .            s - +0 pair of boots
Will    .....        i - amulet of the acrobat Stlth
                     h - ring of flight
HPRegen 0.32/turn    (no ring)
MPRegen 0.10/turn

%: acrobat
@: flying
A: horns 2, retaliatory headbutt
a: no special abilities


You were on level 5 of the Dungeon.
You visited 1 branch of the dungeon, and saw 6 of its levels.

You collected 311 gold pieces.
You spent 230 gold pieces at shops.

Inventory:

Hand Weapons
 a - a +0 war axe (weapon)
 j - a +2 dagger of electrocution
 n - the +1 sling of the Dozen Artists {flame, Str+2}
   (You found it on level 2 of the Dungeon)

   Str+2:     It affects your strength (+2).
Missiles
 A - a throwing net (quivered)
Armour
 b - a +0 scale mail (worn)
 c - a +0 buckler (worn)
 q - a +0 pair of gloves (worn)
 s - a +0 pair of boots (worn)
 u - a +1 hat (worn)
 x - a +0 leather armour of fire resistance
 y - a +0 cloak (worn)
Jewellery
 h - a ring of flight (left hand)
 i - an amulet of the acrobat (around neck)
 l - an amulet of magic regeneration
 I - a ring of magical power
Talismans
 g - a blade talisman
Wands
 B - a wand of polymorph (9)
 E - a wand of digging (8)
 K - a wand of acid (4)
Scrolls
 f - a scroll of identify
 m - 3 scrolls of teleportation
 r - a scroll of enchant weapon
 t - 2 scrolls of noise
 v - a scroll of revelation {unknown}
 w - a scroll of immolation {unknown}
 C - a scroll of amnesia {unknown}
 F - a scroll of fog {unknown}
 G - a scroll of brand weapon
 H - a scroll of blinking
Potions
 d - a potion of might
 e - 3 potions of lignification
 k - a potion of invisibility {unknown}
 o - 2 potions of curing {unknown}
 p - a potion of enlightenment {unknown}
 z - a potion of degeneration {unknown}
 D - a potion of heal wounds {unknown}
 J - 2 potions of brilliance {unknown}


   Skills:
 + Level 7.8 Fighting
 + Level 7.2 Axes
 + Level 7.6 Armour
 - Level 3.6 Shields


You had 7 spell levels left.
You didn't know any spells.
Your spell library contained the following spells:

 Spells                   Type           Power      Damage    Failure   Level
 Inner Flame              Hex/Fire       0%         N/A       99%         3
 Irradiate                Conj/Alch      0%         3d11      100%        5
 Ignition                 Fire           0%         3d3       100%        8


Dungeon Overview and Level Annotations

Branches:
Dungeon (6/15)
 Temple: D:4-7

Altars:
Elyvilon
Fedhas
Okawaru
Wu Jian
Yredelemnul

Shops:
D:4 ?

Annotations:
D:4 1 runed translucent door


Innate Abilities, Weirdness & Mutations

You have a pair of horns on your head.
You reflexively headbutt those who attack you in melee.


Message History

The ogre hits you with a +0 giant club!
The orc priest invokes the aid of Beogh against you.
Beogh smites you!
* * * LOW HITPOINT WARNING * * *
The sleepcap releases spores at you but does no damage.
You block the orc's attack.
The orc warrior unwields a +0 mace.
The orc warrior wields a +0 arbalest.
The orc warrior shoots a bolt.
The bolt barely misses you. The orc hits you but does no damage.
The ogre attacks as it pursues you! The ogre completely misses you.
You furiously retaliate!
You headbutt the ogre.
The bullfrog snags a nearby mosquito with its tongue.
There is a stone staircase leading up here.
The orc hits you but does no damage.
You fly upwards.
Reactivating autopickup.
There is a stone staircase leading down here.
The orc hits you but does no damage.
You fly downwards.
The sleepcap closely misses you.
The bullfrog hits you but does no damage.
The ogre hits you with a +0 giant club!
* * * LOW HITPOINT WARNING * * *
The sleepcap releases spores at you.
* * * LOW HITPOINT WARNING * * *
You block the bullfrog's attack.
There is a stone staircase leading up, spattered with blood here.
The orc warrior unwields a +0 arbalest.
The orc warrior wields a +0 mace.
The orc warrior barely misses you.
The bullfrog hits you but does no damage.
The ogre misses you. You furiously retaliate!
You headbutt the ogre!
You kill the ogre!
The sleepcap releases spores at you but does no damage.
The orc closely misses you. You furiously retaliate!
You headbutt the orc!
You kill the orc!
You fly upwards.
There is a stone staircase leading down here.
You barely miss the orc warrior. You closely miss the bullfrog.
You hit the sleepcap but do no damage. The bullfrog hits you.
* * * LOW HITPOINT WARNING * * *
The orc warrior hits you with a +0 mace!
You die...

)#.#.# #.......#### .'...#
#........... .#.###
#######..... ##.# #..... #.#
################ #..... #.#
#.....#........# #..... #.#
#.###.#.######.# ###... #.#
#.....#.of.).#.# #### #.#
#..####F@...##.####### #. #.#
#.....#.##...#.#.....# #. #.#
##.##.#......#.#.....# #. #.#
#.##.#.####.#.#.....# #.
#.#######.##..........#†#.###
#.
#.............[...#####†#.###
#.
#########......#..#.....†...#
#. ######.#..#.###.#.#.# #.
#.#..#.# #.#.#.# #.


You could see an orc warrior, a sleepcap and a bullfrog.

Vanquished Creatures
  A water moccasin (D:3)
  An ogre (D:6)
  A centaur (D:5)
  3 phantoms (D:5)
  Blork the orc (D:4)
  3 killer bees (D:4)
  2 jellies (D:5)
  3 hounds (D:5)
  3 orc priests (D:5)
  An iguana (D:4)
  A sleepcap (D:5)
  2 orc wizards
  9 adders
  A white imp (D:4)
  2 dart slugs
  2 ribbon worms
  14 orcs
  5 bats
  2 endoplasms
  2 giant cockroaches
  6 goblins
  9 hobgoblins
  4 jackals (D:5)
  5 quokkas
  8 ball pythons
  4 frilled lizards
  9 kobolds
  5 rats
109 creatures vanquished.

Notes
Turn   | Place    | Note
-------+----------+-------------------------------------------
     0 | D:1      | Kraboum the Minotaur Fighter began the quest for the Orb.
     0 | D:1      | Reached XP level 1. HP: 19/19 MP: 0/0
   199 | D:1      | Reached XP level 2. HP: 19/27 MP: 1/1
   738 | D:1      | Reached XP level 3. HP: 33/33 MP: 2/2
  1108 | D:2      | Identified the +1 sling of the Dozen Artists {flame, Str+2}
  1642 | D:2      | Reached XP level 4. HP: 41/41 MP: 3/3
  1916 | D:3      | Noticed a water moccasin
  1924 | D:3      | Killed a water moccasin
  1925 | D:3      | Reached skill level 5 in Fighting
  1925 | D:3      | Reached skill level 5 in Armour
  1925 | D:3      | Reached XP level 5. HP: 18/48 MP: 4/4
  2662 | D:4      | Noticed Blork the orc
  2675 | D:4      | Killed Blork the orc
  2676 | D:4      | Reached XP level 6. HP: 50/57 MP: 5/5
  2727 | D:4      | You are sucked into a shaft and drop 1 floor!
  2727 | D:5      | Entered Level 5 of the Dungeon
  2742 | D:5      | Reached skill level 5 in Axes
  3082 | D:4      | Reached XP level 7. HP: 43/64 MP: 6/6
  3265 | D:4      | Found an ornate altar of the Wu Jian Council.
  3349 | D:4      | Found a blossoming altar of Fedhas.
  3458 | D:4      | Found Norowy's Magic Scroll Emporium.
  3477 | D:4      | Bought a scroll of brand weapon for 104 gold pieces
  3477 | D:4      | Bought a scroll of blinking for 82 gold pieces
  3477 | D:4      | Bought a scroll of identify for 22 gold pieces
  3477 | D:4      | Bought a scroll of identify for 22 gold pieces
  3532 | D:4      | Found a white marble altar of Elyvilon.
  3583 | D:4      | Found an iron altar of Okawaru.
  3583 | D:4      | Found a runed translucent door.
  3589 | D:4      | Found the +0 toga "Victory" {*Victory Clar}
  3861 | D:4      | Found a basalt altar of Yredelemnul.
  4462 | D:5      | Reached XP level 8. HP: 65/73 MP: 7/7
  4905 | D:5      | Slain by an orc warrior

Illustrated notes

Levels and vault maps discovered:
D:1:      reono_arrival_mine, layout_basic, serial_curves, eino_curves_04,
          eino_curves_04, st_stairs_14
D:2:      layout_loops_cross, bh_walls_and_bars
D:3:      layout_basic, kennysheep_boxes
D:4:      layout_layer_cave, nicolae_overflow_guarded_unrand_okawaru_victory,
          mainiacjoe_overflow_24_doors, yredelemnul_altar_generic,
          lemuel_tele_altar, mainiacjoe_overflow_cross_hatched, serial_shops,
          shop, uniq_blork_the_orc
D:5:      layout_basic, abandoned_shop
D:6:      layout_cave_pools

Skill      XL: |  1  2  3  4  5  6  7  8 |
---------------+-------------------------+-----
Armour         | 4 5 6 7 |  7.6
Fighting       | 4 5 6 7 |  7.8
Axes           | 3 4 5 6 7 |  7.2
Shields        | |  3.6

Action                     |  1- 3 |  4- 6 |  7- 9 || total
---------------------------+-------+-------+-------++-------
  Melee: War axe           |    74 |    86 |    84 ||   244
         Headbutt          |     6 |    11 |    19 ||    36
    Use: Scroll            |       |       |     4 ||     4
 Armour: Scale mail        |    55 |    68 |    62 ||   185
  Dodge: Dodged            |    36 |    57 |    47 ||   140
  Block: Buckler           |    19 |    24 |    17 ||    60
